 Dungeon Crawl Stone Soup version 0.28.0 (webtiles) character file.

Game seed: 15612196898804917423

12933 RighteousDevil the Fighter (level 12, -4/79 HPs)
             Began as a Tengu Air Elementalist on Feb 10, 2022.
             Was a Believer of Ashenzari.
             Slain by a two-headed ogre (20 damage)
             ... on level 1 of the Orcish Mines on Feb 11, 2022.
             The game lasted 00:46:15 (15003 turns).

RighteousDevil the Fighter (TeAE)                  Turns: 15003, Time: 00:46:15

Health: -4/79      AC: 11    Str: 16    XL:     12   Next: 0%
Magic:  5/18       EV: 19    Int: 20    God:    Ashenzari [**....]
Gold:   1025       SH:  0    Dex: 14    Spells: 5/18 levels left

rFire   . . .      SeeInvis +   a - +6 shillelagh "Devastator" {shatter}
rCold   . . .      Faith    .   (no shield)
rNeg    . . .      Spirit   .   v - +0 acid dragon scales "Ensconced Together" {rCorr, Cun, Melee} (curse)
rPois   +          Reflect  .   (helmet restricted)
rElec   .          Harm     .   k - +1 cloak "Thunder Perfect Mind" {Cun, Elem} (curse)
rCorr   +          Rampage  .   (no gloves)
Will    .....                   (boots unavailable)
Stlth   ++........              (no amulet)
HPRegen 0.23/turn               m - ring of the Unveiling Oracle {rPois, Self, Fort} (curse)
MPRegen 0.16/turn               w - +6 ring of strength

@: flying quickly and evasively, hasted, very quick
A: beak, talons 3, nimble flight
a: Renounce Religion, Curse Item, Shatter the Chains


You were on level 1 of the Orcish Mines.
You worshipped Ashenzari.
Ashenzari was pleased with you.
You visited 4 branches of the dungeon, and saw 14 of its levels.
You also visited: Sewer.

You collected 1115 gold pieces.
You spent 90 gold pieces at shops.

Inventory:

Hand Weapons
 a - the +6 shillelagh "Devastator" (weapon) {shatter}
   (You found it on level 6 of the Dungeon)

   It releases a powerful concussive burst when it strikes, dealing extra damage
   to the target and all other foes adjacent to them.
 b - a +2 long sword
 t - a +1 dagger of speed
Armour
 k - the cursed +1 cloak "Thunder Perfect Mind" (worn) {Cun, Elem}
   (You found it on level 2 of the Dungeon)

   It has a curse which improves the following skills: Cunning: Dodging and
   Stealth.
   Elements:  Fire Magic, Ice Magic, Air Magic and Earth Magic.
 v - the cursed +0 acid dragon scales "Ensconced Together" (worn) {rCorr, Cun, Melee}
   (You found it on level 6 of the Dungeon)

   rCorr:     It protects you from acid and corrosion.
   It has a curse which improves the following skills: Cunning: Dodging and
   Stealth.
   Melee Combat: Short Blades, Long Blades, Axes, Maces & Flails, Polearms,
   Staves and Unarmed Combat.
Jewellery
 m - the cursed ring of the Unveiling Oracle (left hand) {rPois, Self, Fort}
   (You found it on level 2 of the Dungeon)

   [ring of poison resistance]

   rPois:     It protects you from poison.
   It has a curse which improves the following skills: Introspection: Fighting
   and Spellcasting.
   Fortitude: Armour and Shields.
 w - a +6 ring of strength (right hand)
Wands
 q - a wand of flame (38)
 s - a wand of polymorph (9)
 u - a wand of digging (9)
 E - a wand of iceblast (2)
Scrolls
 o - a scroll of magic mapping
 r - a scroll of brand weapon
 y - 5 scrolls of teleportation
 C - a scroll of vulnerability
 F - a scroll of enchant weapon
Potions
 c - 3 potions of curing
 d - 2 potions of resistance
 e - a potion of brilliance
 h - a potion of lignification
 i - 2 potions of cancellation
 l - 2 potions of berserk rage
 n - a potion of might
 p - a potion of attraction
 z - a potion of invisibility
 A - 2 potions of mutation


   Skills:
 - Level 9.3(10.6) Fighting
 - Level 6.1(7.4) Long Blades
 + Level 7.5(8.8) Maces & Flails
 - Level 8.7(10.0) Armour
 + Level 8.0(10.0) Dodging
 - Level 2.0(3.4) Stealth
 - Level 2.5(3.5) Spellcasting
 + Level 5.9 Conjurations
 - Level 5.1 Summonings
 - Level 8.8(10.0) Air Magic


You had 5 spell levels left.
You knew the following spells:

 Your Spells              Type           Power      Damage    Failure   Level
a - Shock                 Conj/Air       100%       1d9       1%          1
b - Static Discharge      Conj/Air       35%        N/A       1%          2
c - Magic Dart            Conj           100%       1d8       1%          1
d - Call Imp              Summ           24%        N/A       3%          2
e - Mephitic Cloud        Conj/Pois/Air  24%        N/A       6%          3
f - Airstrike             Air            21%        N/A       2%          4

Your spell library contained the following spells:

 Spells                   Type           Power      Damage    Failure   Level
 Summon Small Mammal      Summ           96%        N/A       1%          1
 Swiftness                Air            43%        N/A       1%          3
 Call Canine Familiar     Summ           24%        N/A       6%          3
 Animate Skeleton         Necr           6%         N/A       17%         1
 Pain                     Necr           12%        1d4       17%         1
 Slow                     Hex            12%        N/A       17%         1
 Summon Guardian Golem    Hex/Summ       13%        N/A       19%         3
 Ensorcelled Hibernation  Hex/Ice        6%         N/A       26%         2
 Confusing Touch          Hex            3%         N/A       45%         3
 Portal Projectile        Hex/Tloc       6%         N/A       45%         3
 Tukima's Dance           Hex            3%         N/A       45%         3
 Vampiric Draining        Necr           3%         2d6       45%         3


Dungeon Overview and Level Annotations

Branches:
Dungeon (10/15)            Temple (1/1) D:7            Lair (1/6) D:9
    Orc (2/2) D:10          Sewer (visited)
    Elf: Orc:2

Altars:
Ashenzari
Cheibriados
Dithmenos
Elyvilon
Fedhas
Gozag
Hepliaklqana
Kikubaaqudgha
Makhleb
Nemelex Xobeh
Okawaru
Qazlal
Ru
Sif Muna
Trog
Uskayaw
Vehumet
Wu Jian
Xom
Yredelemnul
Zin
The Shining One

Annotations:
D:4 1 runed translucent door, pkoi's ghost, amateur DrAE
D:8 1 runed translucent door, rozman's ghost, novice OpFE


Innate Abilities, Weirdness & Mutations

You have a beak for a mouth.
You have claws for feet.
Your magical nature lets you fly swiftly and evasively.


Message History

Press: ? - help, Q - select action, (/) - cycle Dir - move target, f - two-headed ogre
Aim: a two-headed ogre, wielding two +0 giant clubs (fast, empty space bonus: 5/8)
You miscast Airstrike.
You are very lightly contaminated with residual magic.
Nothing appears to happen.
Aiming: Airstrike (dangerous; 2% risk of failure)
Press: ? - help, Q - select action, (/) - cycle Dir - move target, f/p - two-headed ogre
Aim: a two-headed ogre, wielding two +0 giant clubs (fast, empty space bonus: 7/8)
The air twists around and strikes the two-headed ogre!
The two-headed ogre is moderately wounded.
Casting: Airstrike (dangerous; 2% risk of failure)
Confirm with . or Enter, or press ? or * to list all spells.
Aiming: Mephitic Cloud (dangerous; 6% risk of failure)
Press: ? - help, Shift-Dir - straight line, f/p - two-headed ogre
Aim: a two-headed ogre, wielding two +0 giant clubs (moderately wounded, fast, chance to affect: 53%)
The ball explodes into a vile cloud!
The stinking cloud engulfs the two-headed ogre but does no damage.
The two-headed ogre is moderately wounded.
The two-headed ogre is engulfed in noxious fumes.
Unknown command.
The two-headed ogre hits you with a +0 giant club!
* * * LOW HITPOINT WARNING * * *
The two-headed ogre misses you.
Your magical contamination has completely faded away.
You see here a +0 dagger.
You see here a +0 hand axe.
Things that are here:
a +0 robe; a +0 dagger The two-headed ogre hits you with a +0 giant club!!
* * * LOW HITPOINT WARNING * * *
The two-headed ogre hits you but does no damage.
Items here: )) [[.
Okay, then.
You feel better.
The two-headed ogre barely misses you. x2
You feel yourself speed up. The two-headed ogre barely misses you.
The two-headed ogre hits you with a +0 giant club.
* * * LOW HITPOINT WARNING * * *
You feel better. The two-headed ogre misses you.
The two-headed ogre hits you with a +0 giant club!!
You die...

####.........# ####.##...#.##.##
##.....#...###### #.........##
##.........# #.........######
##.#...#.#..##.##
###......<.....# #......@[.#.##
##....)O.#### ##### ###..#).###
#### # ##...####....)..[###..##
## # ##.....#.##....)........# #.
###.........#.#).........#### ##
.##........[.[......)....##.## #.
.#.......[[.[......).........####
..#.#.....).....[).......##.##...


You could see a two-headed ogre (fast).

Vanquished Creatures
  Erolcha (D:9)
  An ogre mage (Orc:2)
  2 two-headed ogres
  A sea snake (shapeshifter) (D:9)
  Pikel (D:7)
  Psyche (D:9)
  A komodo dragon (D:9)
  3 trolls (Orc:1)
  4 blink frogs
  2 wraiths
  2 wyverns (D:9)
  6 yaks (D:9)
  Eustachio (D:6)
  A vampire mosquito (D:9)
  Menkaure (D:6)
  3 wargs (Orc:1)
  An acid dragon (D:9)
  Edmund (D:4)
  Duvessa (D:5)
  3 water moccasins
  Pargi (Sewer)
  7 orc warriors
  A hornet zombie (D:8)
  6 ogres
  2 black bears
  A sky beast (D:3)
  2 necrophages (D:7)
  4 centaurs
  A wolf (D:7)
  3 lemures (D:7)
  2 bullfrogs
  3 kobold brigands
  A wyvern zombie (D:8)
  A scorpion (D:6)
  A water moccasin zombie (D:5)
  14 wights
  A howler monkey (D:9)
  4 centaur zombies
  4 hounds
  10 orc priests
  A centaur skeleton (D:7)
  A jelly (D:7)
  2 bullfrog skeletons
  2 gnoll shamans
  6 iguanas
  16 orc wizards
  10 gnolls
  6 adders
  4 white imps
  3 worms
  6 dart slugs
  37 orcs
  11 ball pythons
  3 endoplasms
  4 giant cockroaches
  3 goblins
  6 hobgoblins
  16 kobolds
  7 quokkas
  4 bats
  5 frilled lizards
  A quokka skeleton (D:4)
  9 rats
269 creatures vanquished.

Vanquished Creatures (collateral kills)
  Dowan (D:5)
1 creature vanquished.

Vanquished Creatures (others)
  An orc (D:9)
  10 fungi
  11 plants
  3 toadstools (D:1)
25 creatures vanquished.

Grand Total: 295 creatures vanquished

Notes
Turn   | Place    | Note
-------+----------+-------------------------------------------
     0 | D:1      | RighteousDevil the Tengu Air Elementalist began the quest
                  | for the Orb.
     0 | D:1      | Reached XP level 1. HP: 10/10 MP: 4/4
   424 | D:1      | Reached XP level 2. HP: 15/15 MP: 6/6
   800 | D:1      | Reached XP level 3. HP: 15/19 MP: 7/7
   994 | D:1      | Learned a level 2 spell: Static Discharge
  1618 | D:2      | Reached skill level 1 in Long Blades
  1724 | D:2      | Found an ornate altar of the Wu Jian Council.
  1794 | D:2      | Reached skill level 1 in Fighting
  1865 | D:2      | Reached XP level 4. HP: 20/25 MP: 8/8
  2209 | D:2      | Learned a level 1 spell: Magic Dart
  2479 | D:3      | Identified the +2 robe of Ceczoten {Int+4}
  2509 | D:3      | Found Zin's Purification Station.
  2516 | D:3      | Found a glowing silver altar of Zin.
  2547 | D:3      | Reached skill level 2 in Fighting
  2577 | D:3      | Bought a potion of curing for 90 gold pieces
  2637 | D:3      | Gained mutation: Your magical nature lets you fly swiftly
                  | and evasively. [Tengu growth]
  2637 | D:3      | Reached XP level 5. HP: 31/31 MP: 9/9
  2639 | D:3      | Found a burning altar of Makhleb.
  2706 | D:3      | Noticed a sky beast
  2810 | D:3      | Killed a sky beast
  2811 | D:3      | Reached skill level 3 in Fighting
  2811 | D:3      | Reached XP level 6. HP: 26/37 MP: 10/10
  3020 | D:3      | Found a glowing drain.
  3044 | Sewer    | Entered a sewer
  3072 | Sewer    | Noticed Pargi
  3166 | Sewer    | Learned a level 2 spell: Call Imp
  3356 | Sewer    | Learned a level 3 spell: Mephitic Cloud
  3356 | Sewer    | Killed Pargi
  3357 | Sewer    | Reached skill level 1 in Summonings
  4020 | D:4      | Identified the +3 flail "Ziwewor" {chaos, Str+4}
  4214 | D:4      | Noticed a black bear
  4230 | D:4      | Killed a black bear
  4231 | D:4      | Reached skill level 4 in Fighting
  4231 | D:4      | Reached XP level 7. HP: 30/43 MP: 6/11
  4530 | D:4      | Found a snail-covered altar of Cheibriados.
  4647 | D:4      | Noticed pkoi's ghost (amateur DrAE)
  4987 | D:4      | Found a runed translucent door.
  5035 | D:4      | You are sucked into a shaft and drop 3 floors!
  5129 | D:7      | Reached skill level 5 in Long Blades
  5190 | D:5      | Entered Level 5 of the Dungeon
  5255 | D:4      | Noticed Edmund
  5307 | D:4      | Killed Edmund
  5983 | D:5      | Noticed Duvessa
  5985 | D:5      | Noticed Dowan
  6451 | D:5      | Killed Duvessa
  6452 | D:5      | Reached skill level 5 in Fighting
  6452 | D:5      | Reached XP level 8. HP: 20/49 MP: 1/12
  6473 | D:5      | Killed Dowan
  7181 | D:5      | Found a sacrificial altar of Ru.
  7206 | D:5      | Reached skill level 5 in Summonings
  7606 | D:6      | Found the +6 shillelagh "Devastator" {shatter}
  7623 | D:6      | Noticed Maggie
  7628 | D:6      | Noticed Maggie
  7628 | D:6      | Maggie changed into Maggie the water moccasin
  7632 | D:6      | Killed Maggie the water moccasin
  7632 | D:6      | Noticed Menkaure
  7633 | D:6      | Reached skill level 1 in Maces & Flails
  7634 | D:6      | Killed Menkaure
  7686 | D:6      | Reached skill level 6 in Fighting
  7833 | D:6      | Noticed a wraith
  7842 | D:6      | Killed a wraith
  8010 | D:6      | Found a glowing golden altar of the Shining One.
  8070 | D:6      | Reached XP level 9. HP: 50/56 MP: 13/13
  8109 | D:6      | Found a broken altar of Ashenzari.
  8143 | D:6      | Became a worshipper of Ashenzari the Shackled
  8302 | D:6      | Noticed Eustachio
  8307 | D:6      | Killed Eustachio
  8308 | D:6      | Reached skill level 5 in Maces & Flails
  8516 | D:7      | Noticed Pikel
  8525 | D:7      | Killed Pikel
  8526 | D:7      | Reached skill level 7 in Fighting
  8830 | D:7      | Identified the +6 mace of the Final Decision {vorpal,
                  | Str+5}
  8861 | D:7      | Found a staircase to the Ecumenical Temple.
  8864 | D:7      | Reached skill level 8 in Fighting
  8897 | Temple   | Entered the Ecumenical Temple
  9490 | D:7      | Found an iron altar of Okawaru.
  9540 | D:7      | Reached skill level 9 in Fighting
  9655 | D:7      | Learned a level 4 spell: Airstrike
 10006 | D:7      | Reached skill level 1 in Armour
 10006 | D:7      | Reached skill level 5 in Air Magic
 10006 | D:7      | Reached XP level 10. HP: 54/66 MP: 3/14
 10560 | D:8      | Found a white marble altar of Elyvilon.
 10581 | D:8      | Found a runed translucent door.
 10582 | D:8      | Noticed rozman's ghost (novice OpFE)
 11034 | D:8      | Found a hide-covered altar of Uskayaw.
 11063 | D:8      | Reached * piety under Ashenzari
 11299 | D:8      | Noticed a two-headed ogre
 11554 | D:8      | Killed a two-headed ogre
 11844 | D:8      | Found a basalt altar of Yredelemnul.
 12097 | D:8      | Reached ** piety under Ashenzari
 12166 | D:9      | Noticed Psyche
 12560 | D:9      | Reached skill level 5 in Armour
 12568 | D:9      | Killed Psyche
 12633 | D:9      | Noticed Erolcha
 12638 | D:9      | Noticed a sea snake
 12648 | D:9      | Killed Erolcha
 12648 | D:9      | Killed a sea snake
 12649 | D:9      | Reached skill level 5 in Dodging
 12649 | D:9      | Reached XP level 11. HP: 56/73 MP: 17/17
 12678 | D:9      | Found a runed translucent door.
 13113 | D:9      | Identified the Volume of the Oath
 13189 | D:9      | Found a staircase to the Lair.
 13298 | D:9      | Found a radiant altar of Vehumet.
 13298 | D:9      | Identified Vehumet's Collected Works on Confrontation
 13301 | D:9      | Found an ancient bone altar of Kikubaaqudgha.
 13311 | D:9      | Found a shimmering blue altar of Sif Muna.
 13670 | Lair:1   | Entered Level 1 of the Lair of Beasts
 13939 | D:10     | Entered Level 10 of the Dungeon
 13995 | D:10     | Found a staircase to the Orcish Mines.
 14008 | Orc:1    | Entered Level 1 of the Orcish Mines
 14242 | Orc:1    | Noticed a two-headed ogre
 14249 | Orc:1    | Killed a two-headed ogre
 14772 | Orc:2    | Entered Level 2 of the Orcish Mines
 14785 | Orc:1    | Reached skill level 5 in Conjurations
 14848 | Orc:2    | Noticed a two-headed ogre
 14962 | Orc:2    | Noticed a two-headed ogre
 14962 | Orc:2    | Noticed a two-headed ogre
 14963 | Orc:2    | Noticed a two-headed ogre
 14963 | Orc:2    | Noticed an ogre mage
 14968 | Orc:2    | Noticed an orc sorcerer
 14971 | Orc:2    | Noticed an orc knight
 14976 | Orc:2    | Killed an ogre mage
 14977 | Orc:2    | Noticed a two-headed ogre
 14978 | Orc:2    | HP: 1/73 [orc warrior[an orc knight] (9)]
 14978 | Orc:2    | Noticed a deep troll
 14989 | Orc:1    | Reached XP level 12. HP: 27/79 MP: 13/18
 15003 | Orc:1    | Slain by a two-headed ogre

Illustrated notes

Levels and vault maps discovered:
D:1:      tarquinn_simple_flora_water_b, layout_basic, minmay_gold_behind_fungi,
          grunt_decor_clamped, st_stairs_13, hangedman_decor_opposing,
          minmay_3d_cube
D:2:      layout_rooms, basic_altar, minmay_misc_feat_five
D:3:      layout_basic, zin_purify, lemuel_round_altar, portal_sewer_entry_b,
          amethyst_killhole
D:4:      layout_basic, kennysheep_slug_shrine, hellmonk_ghost_happy_afterlife,
          minmay_mini_jars, uniq_edmund
D:5:      layout_cave_pods, nicolae_ru_awakened_eye, uniq_duvessa
D:6:      layout_gridville, mainiacjoe_overflow_boulevard, tso_metal_star,
          serial_bayou_pond_e, uniq_menkaure, uniq_eustachio, uniq_maggie
D:7:      layout_loops_ring, okawaru_gym_becter,
          minmay_temple_entry_butterflies, uniq_pikel
D:8:      nicolae_cairo_tiling, layout_basic, elyvilon_altar_3,
          mainiacjoe_overflow_chevrons,
          nicolae_uskayaw_murder_on_the_dancefloor, gammafunk_ghost_grave,
          minmay_starry_boxes
D:9:      layout_cave_pools, grunt_temple_overflow_magic_moments,
          dpeg_oklobed_lair, minmay_st_funbox, uniq_erolcha, uniq_psyche
D:10:     layout_roguey, minmay_orc_entry_temple_small,
          gammafunk_ghost_wrathful_warriors
Temple:   jpeg_temple_island
Lair:1:   beast_lair_carwin_large_3, layout_long_grid,
          chequers_serial_rivers_micro_b
Orc:1:    layout_caves
Orc:2:    st_orc_open, layout_caves, enter_volcano_1, minmay_orc_temple_b

Skill      XL: |  1  2  3  4  5  6  7  8  9 10 11 |
---------------+----------------------------------+-----
Conjurations   | 2 5 |  5.9
Long Blades    | 1 2 3 4 5 6 |  6.1
Fighting       | 1 2 3 4 5 6 9 |  9.3
Summonings     | 2 4 5 |  5.1
Maces & Flails | 4 6 7 |  7.5
Armour         | 1 6 8 |  8.7
Air Magic      | 5 7 8 |  8.8
Dodging        | 5 8 |  8.0
Stealth        | |  2.0
Spellcasting   | |  2.5

Action                   |  1- 3 |  4- 6 |  7- 9 | 10-12 || total
-------------------------+-------+-------+-------+-------++-------
Melee: Dagger            |   102 |   117 |       |       ||   219
       Kick              |    29 |    37 |    42 |    55 ||   163
       Unarmed           |     2 |       |       |       ||     2
       Peck              |    18 |    28 |    36 |    30 ||   112
       Long sword        |       |    44 |    82 |       ||   126
       Shillelagh        |       |       |    71 |   206 ||   277
       Punch             |       |       |     2 |     4 ||     6
 Cast: Shock             |    12 |     7 |    65 |     4 ||    88
       Magic Dart        |       |    15 |       |       ||    15
       Call Imp          |       |     3 |     6 |       ||     9
       Mephitic Cloud    |       |     2 |     3 |     6 ||    11
       Static Discharge  |       |       |     6 |       ||     6
       Airstrike         |       |       |       |    18 ||    18
Invok: Curse Item        |       |       |     1 |     2 ||     3
Evoke: Wand              |       |       |     3 |    26 ||    29
  Use: Scroll            |     2 |     5 |     4 |     4 ||    15
       Potion            |       |       |     3 |     6 ||     9
 Stab: Sleeping          |     1 |     4 |     4 |       ||     9
       Confused          |       |     3 |       |       ||     3
Armor: Robe              |    15 |    33 |    23 |       ||    71
       Acid dragon scale |       |       |    15 |    53 ||    68
Dodge: Dodged            |    44 |    95 |   109 |   207 ||   455
